 Dungeon Crawl Stone Soup version 0.29-a0-90-gc37658a0fe (webtiles) character file.

Game seed: 16765839670635983093

5048 lordive the Slicer (level 10, -3/60 (64) HPs)
             Began as a Kobold Abyssal Knight on Feb 7, 2022.
             Was an Elder of Lugonu.
             Slain by a wight (10 damage)
             ... on level 7 of the Dungeon.
             The game lasted 00:15:05 (12216 turns).

lordive the Slicer (Kobold Abyssal Knight)         Turns: 12216, Time: 00:15:05

HP:   -3/60 (64)    AC:  8    Str: 15    XL:     10   Next: 85%
MP:   15/15         EV: 18    Int: 15    God:    Lugonu [****..]
Gold: 273           SH:  0    Dex: 15    Spells: 9/9 levels left

rFire   + + .      SeeInvis +   m - +0 dagger (holy)
rCold   . . .      Faith    .   (no shield)
rNeg    . . .      Spirit   .   t - +1 leather armour of Fortitude {rF++ Str+3}
rPois   .          Reflect  .   (no helmet)
rElec   .          Harm     .   z - +0 cloak
rCorr   .          Rampage  .   (no gloves)
Will    .....                   f - +2 pair of boots
Stlth   +++++.....              (no amulet)
HPRegen 0.20/turn               k - ring of see invisible
MPRegen 0.14/turn               (no ring)

@: drained
A: small, no large weapons, nightstalker 3
a: Renounce Religion, Depart the Abyss, Bend Space, Banish, Corrupt


You were on level 7 of the Dungeon.
You worshipped Lugonu.
Lugonu was greatly pleased with you.
You visited 2 branches of the dungeon, and saw 9 of its levels.
You visited the Abyss 1 time.

You collected 288 gold pieces.
You spent 15 gold pieces at shops.

Inventory:

Hand Weapons
 a - a +1 short sword
 b - a +2 dagger of venom
 m - a +0 dagger of holy wrath (weapon)
 u - a +2 dagger of speed
 v - the +7 trident of Tity {vorpal, *Corrode rElec rPois Int+4}
   (You found it on level 5 of the Dungeon)

   It inflicts extra damage upon your enemies.
   Int:       It affects your intelligence (+4).
   rElec:     It insulates you from electricity.
   rPois:     It protects you from poison.
   *Corrode:  It may corrode you when you take damage.
 A - the +4 long sword of the Snake Pit {vamp, rN+ Int+2}
   (You found it on level 6 of the Dungeon)

   It occasionally heals its wielder for a portion of the damage dealt when it
   wounds a living foe.
   Int:       It affects your intelligence (+2).
   rN:        It protects you from negative energy.
Missiles
 q - 28 poisoned darts
 r - 13 boomerangs
 s - 11 atropa-tipped darts (quivered)
Armour
 f - a +2 pair of boots (worn)
 n - a +0 robe of cold resistance
 t - the +1 leather armour of Fortitude (worn) {rF++ Str+3}
   (You found it on level 4 of the Dungeon)

   Str:       It affects your strength (+3).
   rF:        It greatly protects you from fire.
 z - a +0 cloak (worn)
 F - +0 steam dragon scales
Jewellery
 k - a ring of see invisible (left hand)
 G - a +6 ring of dexterity
 I - a +6 ring of strength
Wands
 y - a wand of digging (2)
 B - a wand of flame (42)
Scrolls
 d - 2 scrolls of magic mapping {unknown}
 g - 2 scrolls of blinking {unknown}
 i - 4 scrolls of identify {unknown}
 j - 3 scrolls of enchant armour {unknown}
 l - 3 scrolls of teleportation {unknown}
 w - a scroll of vulnerability {unknown}
Potions
 c - a potion of lignification {unknown}
 h - a potion of heal wounds {unknown}
 o - a potion of flight {unknown}
 p - a potion of haste {unknown}
 x - a potion of resistance {unknown}
 C - a potion of mutation {unknown}
 D - a potion of cancellation {unknown}
 E - a potion of degeneration {unknown}
 H - a potion of magic {unknown}
 J - 2 potions of attraction {unknown}


   Skills:
 + Level 8.0 Fighting
 + Level 8.8 Short Blades
 + Level 4.3 Armour
 + Level 8.5 Dodging
 + Level 8.7 Stealth
 * Level 6.9 Invocations


You had 9 spell levels left.
You didn't know any spells.
Your spell library contained the following spells:

 Spells                   Type           Power      Damage    Failure   Level
 Apportation              Tloc           0%         N/A       32%         1
 Freeze                   Ice            0%         1d3       32%         1
 Confusing Touch          Hex            0%         N/A       69%         3
 Frozen Ramparts          Ice            0%         1d2       69%         3
 Hailstorm                Conj/Ice       0%         3d3       97%         4
 Alistair's Intoxication  Tmut/Pois      0%         N/A       100%        5
 Yara's Violent Unravell  Hex/Tmut       0%         3d3       100%        5
 Enfeeble                 Hex            0%         N/A       100%        7
 Malign Gateway           Summ/Tloc      0%         N/A       100%        7
 Summon Horrible Things   Summ           0%         N/A       100%        8


Dungeon Overview and Level Annotations

Branches:
Dungeon (8/15)             Temple (1/1) D:4
   Lair: D:8-11

Altars:
Elyvilon
Fedhas
Gozag
Hepliaklqana
Kikubaaqudgha
Nemelex Xobeh
Okawaru
Qazlal
Ru
Sif Muna
Vehumet
Zin
The Shining One

Shops:
D:2 :   D:3 [   D:5 [(:*[


Innate Abilities, Weirdness & Mutations

You are small and have problems with some larger weapons.
You are completely attuned to the shadows.


Message History

Unknown command.
The wight barely misses you.
Unknown command.
Unknown command.
The wight closely misses you.
Unknown command.
Unknown command.
Unknown command.
There is an open door here.
Unknown command.
There is a stone staircase leading up here.
The wight barely misses you.
You climb upwards.
There is a stone staircase leading down here.
Your +2 dagger of venom stops dripping with poison.
Your +0 dagger of holy wrath softly glows with a divine radiance!
m - a +0 dagger of holy wrath (weapon)
The wight hits you with a +2 morningstar!
* * * LOW HITPOINT WARNING * * *
You feel drained.
* * * LOW HITPOINT WARNING * * *
You feel better.
The wight hits you with a +2 morningstar.
* * * LOW HITPOINT WARNING * * *
You hit the wight but do no damage. Your punch misses the wight.
You completely miss the wight. The wight closely misses you.
You hit the wight but do no damage.
The wight hits you with a +2 morningstar.
* * * LOW HITPOINT WARNING * * *
You feel drained.
* * * LOW HITPOINT WARNING * * *
Unknown command.
You hit the wight but do no damage. You hit the wight but do no damage.
The sentinel's mark upon you fades away.
The wight misses you.
You hit the wight but do no damage. You barely miss the wight.
The wight hits you with a +2 morningstar!
You die...

####....#..._.P#
#######....##.##^P.PP###
......#.########^P..P#.#
......#........#######.#
......#..#.....#..# #.#
......#..#.##..#..# #.#
.^....####.##..#..####.#
...........##..#..#...)#
)........†.....z@.#.####
......###..##..####.#
......# #...........#
####'## #....#.######
#.####....#.# #.........#.#
####.........#.#############
.............#.............#
..#######....############.##


You could see a wight.

Vanquished Creatures
  Pikel (D:7)
  Grinder (D:5)
  Sigmund (D:3)
  A wyvern (D:6)
  5 yaks
  2 steam dragons
  Menkaure (D:7)
  Duvessa (D:4)
  An orc warrior (D:7)
  3 ice beasts
  2 black bears
  A sky beast (D:6)
  6 ogres
  A lemure (D:7)
  A kobold brigand (D:8)
  Blork the orc (D:4)
  A scorpion (D:6)
  A wyvern zombie (D:7)
  Dowan (D:4)
  A vampire bat (D:4)
  3 howler monkeys (D:7)
  2 bullfrog zombies
  4 hounds
  2 orc priests
  A bullfrog skeleton (D:6)
  Crazy Yiuf (D:4)
  A centaur skeleton (D:6)
  4 orc wizards
  A hound zombie (D:5)
  A hound skeleton (D:4)
  5 adders
  A shadow imp (D:5)
  2 white imps (D:6)
  4 ufetubi
  An adder skeleton (D:4)
  3 worms
  3 dart slugs
  3 fire bats (D:4)
  25 orcs
  2 spectral bats (D:4)
  3 bat skeletons (D:4)
  A bat zombie (D:4)
  6 endoplasms
  5 giant cockroaches
  12 goblins
  6 hobgoblins
  6 jackals
  9 kobolds
  7 quokkas
  11 ball pythons
  15 bats
  A bat simulacrum (D:4)
  5 frilled lizards
  5 rats
194 creatures vanquished.

Vanquished Creatures (others)
  A kobold (D:8)
  A fungus (D:8)
  4 plants (D:8)
  6 withered plants (D:6)
12 creatures vanquished.

Grand Total: 206 creatures vanquished

Notes
Turn   | Place    | Note
-------+----------+-------------------------------------------
     0 | Abyss:1  | lordive the Kobold Abyssal Knight began the quest for the
                  | Orb.
     0 | Abyss:1  | Reached XP level 1. HP: 14/14 MP: 2/2
     5 | Abyss:1  | Found a corrupted altar of Lugonu.
    95 | Abyss:1  | Noticed a large abomination
   162 | Abyss:1  | Noticed a tentacled starspawn
   164 | Abyss:1  | Noticed an Executioner
   166 | D:1      | Escaped the Abyss
   402 | D:1      | Reached XP level 2. HP: 19/19 MP: 3/3
   439 | D:1      | Reached * piety under Lugonu
   665 | D:1      | Reached skill level 1 in Stealth
   708 | D:1      | Reached skill level 1 in Armour
   809 | D:1      | Reached XP level 3. HP: 23/23 MP: 4/4
  1545 | D:2      | Found an opulent altar of Gozag.
  1584 | D:2      | Found Bikhlesyck's Book Shop.
  1624 | D:2      | Reached XP level 4. HP: 19/29 MP: 5/5
  2133 | D:2      | Reached ** piety under Lugonu
  2319 | D:2      | Found a faded altar of an unknown god.
  2830 | D:3      | Found Pegyph's Armour Boutique.
  2855 | D:3      | Noticed Sigmund
  2873 | D:3      | Killed Sigmund
  2874 | D:3      | Reached XP level 5. HP: 27/33 MP: 5/7
  2874 | D:3      | Reached XP level 6. HP: 32/38 MP: 5/8
  3659 | D:4      | Noticed a black bear
  3665 | D:4      | Killed a black bear
  3790 | D:4      | Found a runed translucent door.
  3793 | D:4      | Noticed Crazy Yiuf
  3946 | D:4      | Found a staircase to the Ecumenical Temple.
  3954 | Temple   | Entered the Ecumenical Temple
  4293 | D:4      | Identified the +1 leather armour of Fortitude {rF++ Str+3}
  4436 | D:4      | Reached XP level 7. HP: 41/44 MP: 9/9
  4564 | D:4      | Reached skill level 5 in Short Blades
  4950 | D:4      | Reached *** piety under Lugonu
  5188 | D:4      | Found an iron altar of Okawaru.
  5214 | D:4      | Noticed Blork the orc
  5223 | D:4      | Killed Blork the orc
  5274 | D:4      | Found a stormy altar of Qazlal.
  5315 | D:4      | Noticed Duvessa
  5315 | D:4      | Noticed Dowan
  5340 | D:4      | Killed Duvessa
  5341 | D:4      | Reached XP level 8. HP: 6/48 MP: 9/11
  5355 | D:5      | Entered Level 5 of the Dungeon
  5532 | D:5      | Reached skill level 5 in Dodging
  5641 | D:5      | Reached skill level 5 in Fighting
  5658 | D:5      | Reached skill level 5 in Stealth
  5702 | D:5      | Noticed Grinder
  5706 | D:5      | Killed Grinder
  5774 | D:5      | Identified the +7 trident of Tity {vorpal, *Corrode rElec
                  | rPois Int+4}
  5969 | D:5      | Found Metaf's Antique Weapon Shop.
  5979 | D:5      | Found Gubaujo's General Store.
  5984 | D:5      | Bought a scroll of noise for 15 gold pieces
  6192 | D:5      | Found Ihurir's Book Shop.
  6428 | D:5      | Found Wetefeat's Antique Armour Emporium.
  6538 | D:5      | Found Zeproz's Antique Armour Shop.
  6565 | D:5      | Reached XP level 9. HP: 33/54 MP: 12/12
  6842 | D:4      | Killed Dowan
  7038 | D:4      | Killed Crazy Yiuf
  7496 | D:6      | Identified the +4 long sword of the Snake Pit {vamp, rN+
                  | Int+2}
  7549 | D:6      | Reached skill level 5 in Invocations
  7707 | D:6      | Reached **** piety under Lugonu
  8945 | D:6      | Found an ancient bone altar of Kikubaaqudgha.
  9926 | D:7      | Reached XP level 10. HP: 50/61 MP: 14/14
  9926 | D:7      | Noticed a six-headed hydra
  9942 | D:7      | Banished a six-headed hydra
 10257 | D:7      | Found a sacrificial altar of Ru.
 10257 | D:7      | Noticed Menkaure
 10258 | D:7      | Killed Menkaure
 10680 | D:7      | Noticed Pikel
 10704 | D:7      | Killed Pikel
 12177 | D:8      | Noticed a two-headed ogre
 12216 | D:7      | Slain by a wight

Illustrated notes

Levels and vault maps discovered:
D:1:      onia_arrival_mini_spirals, layout_basic, minmay_tall_x
D:2:      minmay_evil_eye, layout_rooms, serial_shops,
          nicolae_shop_hallway_stairs, basic_altar,
          shapermc_ecumenical_altar_ellora
D:3:      layout_basic, serial_shops, shop, kennysheep_generic_room_11,
          uniq_sigmund
D:4:      layout_basic, mainiacjoe_overflow_boulevard,
          mainiacjoe_overflow_six_doors_small, minmay_temple_entry_hall,
          st_stairs_10, goddamned_bats, uniq_duvessa, uniq_crazy_yiuf_cottage,
          uniq_blork_the_orc
D:5:      layout_loops_cross, serial_shops, nicolae_shop_overgrown_old_shop,
          nicolae_square_shop, shop, shop, kennysheep_mini_moat, uniq_grinder
D:6:      layout_basic, kiku_gazebo_garden_becter
D:7:      layout_basic, nicolae_ru_the_path_less_chosen, corner_web_ring,
          uniq_pikel, uniq_menkaure
D:8:      kennysheep_seaside_town, layout_gridville,
          mainiacjoe_overflow_concentric_impassable, lemuel_crystal_altar,
          ashenzari_altar_1, nicolae_lava_and_water, uniq_gastronok
Temple:   jpeg_temple_island

Skill      XL: |  1  2  3  4  5  6  7  8  9 10 |
---------------+-------------------------------+-----
Short Blades   | 3 4 5 6 7 8 |  8.8
Stealth        | 1 2 3 4 6 7 8 |  8.7
Armour         | 1 2 3 4 |  4.3
Fighting       | 4 5 6 8 |  8.0
Dodging        | 3 4 6 7 8 |  8.5
Invocations    | 3 4 5 6 |  6.9

Action                   |  1- 3 |  4- 6 |  7- 9 | 10-12 || total
-------------------------+-------+-------+-------+-------++-------
Melee: Short sword       |    91 |   136 |    28 |       ||   255
       Punch             |     3 |     4 |     9 |     2 ||    18
       Dagger            |       |       |   438 |   156 ||   594
Invok: Depart the Abyss  |     1 |       |       |       ||     1
       Banish            |       |       |       |     1 ||     1
  Use: Potion            |       |     1 |     1 |     1 ||     3
 Stab: Sleeping          |    13 |    20 |    20 |     7 ||    60
       Distracted        |     1 |     1 |       |     1 ||     3
Armor: Leather armour    |    14 |    22 |   111 |    29 ||   176
Dodge: Dodged            |    54 |    93 |   379 |   132 ||   658

Table legend: (Time is in decaauts)
 A = Elapsed time spent in this place.
 B = Non-inter-level travel time spent in this place.
 C = Inter-level travel time spent in this place.
 D = Time resting spent in this place.
 E = Time spent auto-exploring this place.
 F = Levels seen in this place.
 G = Mean time per level.
                   A        B        C        D        E       F      G
               +--------+--------+--------+--------+--------+-----+--------+
         Total |  12038 |  11454 |    584 |   1303 |   8558 |  10 | 1203.8 |
       Dungeon |  11589 |  11016 |    573 |   1303 |   8197 |   8 | 1448.6 |
        Temple |    282 |    272 |     10 |      0 |    267 |   1 |  282.0 |
         Abyss |    166 |    166 |      0 |      0 |     94 |   1 |  166.0 |
               +--------+--------+--------+--------+--------+-----+--------+

Top non-repeatable levels by time:
     D:7: 2322 daAuts
     D:6: 2072 daAuts
     D:4: 1946 daAuts
     D:5: 1462 daAuts
     D:2: 1272 daAuts
     D:1: 1245 daAuts
     D:3: 905 daAuts
     D:8: 363 daAuts
  Temple: 282 daAuts
 Abyss:1: 166 daAuts
